 Dungeon Crawl Stone Soup version 0.26-a0-651-gb41185065b (webtiles) character file.

Game seed: 7439548991041048911

(classic levelgen) 250836 EnegeticOcto the Pandemonic (level 18, -1/178 HPs)
             Began as a Deep Dwarf Delver on Oct 24, 2020.
             Was a High Priest of Makhleb.
             Succumbed to poison (poison gas)
             ... on level 3 of the Realm of Zot.
             The game lasted 00:52:19 (6549 turns).

EnegeticOcto the Pandemonic (Deep Dwarf Delver)     Turns: 6549, Time: 00:52:19

Health: -1/178     AC: 18    Str: 24    XL:     18   Next: 42%
Magic:  0/0        EV:  6    Int: 25    God:    Makhleb [*****.]
Gold:   225        SH: 32    Dex: 14    Spells: 17/17 levels left

rFire    . . .     SeeInvis +   g - wand of flame (5)
rCold    + . .     Faith    .   l - +6 tower shield of Sovyipru {Int+3}
rNeg     + + .     Spirit   .   G - +2 plate armour {rC+}
rPois    .         Reflect  +   (no helmet)
rElec    .         Harm     .   (no cloak)
rCorr    +         Rampage  .   (no gloves)
MR       ++...                  B - +0 pair of boots
Stlth    ..........             L - amulet of reflection
HPRegen  0.00/turn              f - ring of Dishonesty {Str+5 Int+6 SInv}
MPRegen  0.07/turn              x - ring of Laiclucs {+Inv rN+ rCorr}

@: mighty, lethally poisoned (-1 -> -77), non-regenerating, studying Fighting
A: damage resistance, heal wounds, talons 1, negative energy resistance 1, sense
surroundings 3, screaming 2, no regeneration
}: 3/15 runes: decaying, abyssal, gossamer
a: Heal Wounds, Minor Destruction, Lesser Servant of Makhleb, Major Destruction,
Greater Servant of Makhleb, Renounce Religion, Evoke Invisibility


You were on level 3 of the Realm of Zot.
You worshipped Makhleb.
Makhleb was extremely pleased with you.
You visited 7 branches of the dungeon, and saw 34 of its levels.
You visited the Abyss 1 time.
You also visited: Bailey and Gauntlet.

You collected 1235 gold pieces.
You spent 1010 gold pieces at shops.

Inventory:

Hand Weapons
 a - a +5 broad axe of flaming
 t - a +0 war axe of freezing
 O - the +8 scimitar of Classification {distort, MP+9}
   (You took it off a minotaur in a Gauntlet)

   It warps and distorts space around it.
   Unwielding it can cause banishment or high damage.
   It affects your magic capacity (+9).
Missiles
 o - 14 silver javelins (quivered)
 P - a curare-tipped dart
Armour
 j - the +7 chain mail of Pessimism {Str+6}
   (You took it off a minotaur in a Gauntlet)

   It affects your strength (+6).
 k - a +0 plate armour
 l - the +6 tower shield of Sovyipru (worn) {Int+3}
   (You found it on level 5 of the Dungeon)

   It affects your intelligence (+3).
 r - a +3 chain mail of fire resistance
 u - +0 storm dragon scales
 y - the +1 robe of Zin's Felicitations {+Fly rF- rCorr Int+3, unknown}
   (You found it in a bailey)

   It affects your intelligence (+3).
   It makes you vulnerable to fire.
   It lets you fly.
   It provides partial protection from all sources of acid and corrosion.
 B - a +0 pair of boots (worn)
 G - a +2 plate armour of cold resistance (worn)
 M - +0 fire dragon scales
 R - the cursed +1 scale mail "Myrhit" {rF+++ rC- Str+7}
   (You found it in a Gauntlet)

   It affects your strength (+7).
   It renders you almost immune to fire.
   It makes you vulnerable to cold.
   It has a curse placed upon it.
Jewellery
 f - the ring of Dishonesty (left hand) {Str+5 Int+6 SInv}
   (You acquired it in a bailey)

   [ring of intelligence]

   It affects your strength (+5).
   It affects your intelligence (+6).
   It lets you see invisible.
 p - an uncursed ring of ice
 v - an uncursed ring of protection from magic
 x - the ring of Laiclucs (right hand) {+Inv rN+ rCorr}
   (You acquired it in a bailey)

   [ring of resist corrosion]

   It protects you from negative energy.
   It lets you turn invisible.
   It provides partial protection from all sources of acid and corrosion.
 L - an amulet of reflection (around neck)
 Q - an uncursed ring of fire
Wands
 g - a wand of flame (5) (in hand)
 q - a wand of random effects (21)
Scrolls
 c - a scroll of fog
 h - 2 scrolls of enchant armour
 i - a scroll of immolation {unknown}
 n - 5 scrolls of blinking
 C - a scroll of teleportation {@r3}
 E - a scroll of brand weapon
 K - a scroll of fear
Potions
 b - 2 potions of curing {@q1}
 z - 3 potions of resistance {@q5}
 F - a potion of magic
 H - 3 potions of haste {@q4}
 I - a potion of stabbing
 J - 4 potions of cancellation
 N - a potion of flight {unknown}
Books
 A - a manual of Fighting
Miscellaneous
 e - a lightning rod (4/4)
 V - a condenser vane (1/2)


   Skills:
 - Level 15.4 Fighting
 - Level 17.6 Axes
 - Level 10.7 Armour
 - Level 2.1 Dodging
 - Level 6.0 Stealth
 - Level 15.5 Shields
 + Level 20.9 Invocations
 - Level 12.0 Evocations


You had 17 spell levels left.
You didn't know any spells.
Your spell library contained the following spells:

 Spells                   Type           Power        Failure   Level
 Magic Dart               Conj           #...         99%         1
 Blink                    Tloc           N/A          100%        2
 Call Imp                 Summ           #.......     100%        2
 Slow                     Hex            #.......     100%        2
 Conjure Flame            Conj/Fire      #.......     100%        3
 Mephitic Cloud           Conj/Pois/Air  #.......     100%        3


Dungeon Overview and Level Annotations

Branches:
Dungeon (15/15)            Temple (0/1) D:6            Lair (4/6) D:8
  Swamp (4/4) Lair:3       Spider (4/4) Lair:2          Orc (2/2) D:10
    Elf (0/3) Orc:2        Depths (5/5) D:15            Zot (3/5) Depths:5
 Bailey (visited)         Gauntlet (visited)
 Vaults: D:13-14

Altars:
Hepliaklqana
Kikubaaqudgha
Makhleb

Shops:
D:4 !   D:7 :   Orc:2 *}!(   Depths:3 :[

Portals:
Hell: Depths:4 Depths:5
Abyss: Depths:1 Depths:4

Annotations:
D:4 Pikel


Innate Abilities, Weirdness & Mutations

You are resistant to damage.
You can heal yourself by infusing magical energy.
You resist negative energy. (rN+)
You passively map a large area around you.
You do not regenerate.
You have sharp toenails.
You sometimes yell uncontrollably at your foes.


Message History

Okay, then.
The black draconian stormcaller is engulfed in poison gas.
The black draconian stormcaller looks as sick as possible!
The purple draconian scorcher is engulfed in poison gas.
The purple draconian scorcher looks as sick as possible!
You hit the purple draconian scorcher. You burn the purple draconian scorcher.
You kill the purple draconian scorcher!
Makhleb accepts your kill.
You feel better.
The black draconian stormcaller is engulfed in poison gas.
The black draconian stormcaller looks as sick as possible!
You catch the helpless black draconian stormcaller completely off-guard!
You chop the black draconian stormcaller into pieces!!!
You burn the black draconian stormcaller.
You kill the black draconian stormcaller!
Makhleb accepts your kill.
You are confused.
You feel invigorated.
You are no longer poisoned.
You feel less invigorated.
You feel less confused.
You flicker for a moment.
Items here: ))) [[ †.
You flicker back into view.
A golden dragon comes into view.
You yell at the golden dragon!
The golden dragon roars deafeningly!
The golden dragon breathes fire at you. The bolt of fire hits you!!
Evoke which item? (* to show all) (? for menu, Esc to quit)
Okay, then.
You feel very mighty all of a sudden.
You block the golden dragon's attack. x2
The golden dragon completely misses you.
You hit the golden dragon but do no damage.
The golden dragon bites you!! The golden dragon claws you.
You block the golden dragon's attack.
You carve the golden dragon like a ham!!!
You burn the golden dragon.
The golden dragon is heavily wounded.
The golden dragon breathes poison at you.
The blast of poison engulfs you!
You are poisoned.
You hit the golden dragon. You burn the golden dragon.
The golden dragon is heavily wounded.
You are engulfed in poison gas.
You are more poisoned.
You feel sick.
You block the golden dragon's attack. x2
The golden dragon tramples you but does no damage.
You slash the golden dragon! You burn the golden dragon.
The golden dragon is heavily wounded.
You are engulfed in poison gas.
You are more poisoned.
You feel very sick.
You block the golden dragon's attack. x2
The golden dragon tramples you but does no damage.
You barely miss the golden dragon.
The golden dragon is heavily wounded.
You are engulfed in poison gas.
You are more poisoned.
You feel very sick.
You hit the golden dragon. You burn the golden dragon.
The golden dragon is severely wounded.
You are engulfed in poison gas.
You are more poisoned.
* * * LOW HITPOINT WARNING * * *
x2 You feel very sick.
You block the golden dragon's attack. x3
You slice the golden dragon!! You burn the golden dragon.
The golden dragon is almost dead.
You are engulfed in poison gas.
You are more poisoned.
* * * LOW HITPOINT WARNING * * *
You feel very sick. The golden dragon breathes cold at you.
The bolt of cold hits you!! You resist.
* * * LOW HITPOINT WARNING * * *
Okay, then.
You slash the golden dragon!
You kill the golden dragon!
Makhleb accepts your kill.
You feel better.
Your condenser vane (1/2) has regained one charge.
You are engulfed in poison gas.
You are more poisoned.
* * * LOW HITPOINT WARNING * * *
x2 You feel very sick.
You are engulfed in poison gas.
You are more poisoned.
* * * LOW HITPOINT WARNING * * *
x2 You feel extremely sick.
Your magical contamination has completely faded away.
* * * LOW HITPOINT WARNING * * *
You feel extremely sick.
Okay, then.
There is a lethal amount of poison in your body!
Your +5 broad axe of flaming stops flaming.
g - a wand of flame (5) (in hand)
* * * LOW HITPOINT WARNING * * *
You feel very sick.
You swing at nothing.
You die...

##### #....# , * ,*
, ....# #....# ,* ,
))<.# #....# , *
)...###....# , , * *
....'......#*** **
** * **
.)..##.....###### ,
, ##'#.'........#.#
, ,
#.#.#.......)#.#####
*
#.#.#........).@..°#
,
#.#.#....#########†#
, , , #.#........ ,
,..+ , , #.###.#####
** * .## * #. #.*
*.#, + , , , # .# ,
* .# *, , ,* ** *.#
, * ,, * *, ,*


There were no monsters in sight!

Vanquished Creatures
  Saint Roka (Depths:5)
  A caustic shrike (Depths:4)
  A golden dragon (Zot:3)
  A bone dragon (Depths:5)
  A lich (Depths:4)
  A tentacled monstrosity (Zot:1)
  A quicksilver dragon (Zot:2)
  A tentacled starspawn (Abyss:4)
  2 thorn hunters (Swamp:4)
  A storm dragon (Depths:5)
  A tengu reaver (Depths:5)
  A shadow dragon (Zot:1)
  2 fire giants (Depths:4)
  A deep elf sorcerer (Depths:5)
  A nagaraja (Abyss:4)
  An iron dragon (Depths:4)
  3 draconian scorchers (Zot:3)
  5 ghost moths
  2 orc warlords
  3 frost giants
  3 emperor scorpions
  A caustic shrike zombie (Depths:4)
  A spriggan defender (Depths:5)
  A draconian stormcaller (Zot:3)
  4 stone giants
  10 very ugly things
  2 entropy weavers
  A vampire knight (Depths:4)
  A green draconian (Zot:3)
  A deep elf demonologist (Depths:4)
  2 white draconians
  A black draconian (Depths:5)
  2 spark wasps (Spider:4)
  2 purple draconians (Zot:3)
  2 red draconians (Depths:5)
  A merfolk javelineer (Abyss:4)
  3 jiangshi
  2 yaktaur captains (Depths:4)
  2 fire dragons (Depths:4)
  3 great orbs of eyes
  A spriggan air mage (Depths:4)
  2 rakshasas
  7 ice dragons
  Erica (D:9)
  A shambling mangrove (Swamp:1)
  A ghost crab (Gauntlet)
  11 hydras
  A centaur warrior (D:13)
  2 ogre magi (Depths:2)
  8 two-headed ogres
  A tengu warrior (Depths:2)
  2 satyrs (Abyss:4)
  3 deep troll earth magi
  A queen ant (Lair:2)
  A deep troll shaman (Depths:5)
  2 spriggan berserkers (Depths:4)
  Urug (D:11)
  A vampire mage (Depths:5)
  3 alligators (Swamp:4)
  A titan zombie (Depths:4)
  An orc high priest (Orc:2)
  A thrashing horror (Abyss:4)
  5 hell knights (Depths:4)
  A soul eater (Gauntlet)
  A wretched star (Abyss:4)
  A flayed ghost (Depths:4)
  An unseen horror (D:13)
  An iron troll (Depths:5)
  6 deep trolls (Depths:5)
  A quicksilver dragon simulacrum (Depths:4)
  2 spriggan druids (Swamp:4)
  A shadow dragon zombie (Depths:4)
  A swamp dragon (shapeshifter) (Depths:3)
  A wizard (D:15)
  7 swamp dragons
  2 necromancers (Depths:4)
  3 orb spiders
  16 wolf spiders
  5 orc sorcerers (Orc:2)
  A tengu skeleton (Depths:4)
  A mana viper (Abyss:4)
  27 ugly things
  2 cyclopes
  A worldbinder (Abyss:4)
  2 manticores
  2 moths of wrath (Zot:2)
  An ice statue (Gauntlet)
  An apocalypse crab (Abyss:4)
  A torpor snail (Spider:4)
  5 cane toads
  2 rime drakes (Gauntlet)
  A centaur skeleton (D:13)
  2 yaktaurs
  A kobold demonologist (D:14)
  6 demonic crawlers
  4 tengu conjurers
  3 ancient zymes
  6 trolls
  16 jumping spiders
  7 hornets
  8 tyrant leeches
  2 blink frogs (Lair:2)
  21 slime creatures
  2 raiju (Abyss:4)
  5 bog bodies
  6 hippogriffs
  4 spriggans
  A shadow (D:10)
  2 wraiths
  10 yaks
  32 redbacks
  2 large abominations (Abyss:4)
  9 tarantellas (Spider:4)
  2 wyverns
  A fire bat (shapeshifter) (D:14)
  A basilisk (D:14)
  2 vampire mosquitoes (Swamp:1)
  4 swamp worms
  3 wargs
  4 insubstantial wisps (Swamp:4)
  A soldier ant (shapeshifter) (Depths:5)
  11 soldier ants (Lair:2)
  Edmund (D:6)
  2 water moccasins
  4 swamp drakes (Swamp:4)
  A floating eye (Depths:4)
  2 porcupines (Lair:2)
  A hornet zombie (D:7)
  18 orc warriors
  3 sky beasts
  2 starcursed masses (Abyss:4)
  A wolf (D:8)
  8 ogres
  5 boggarts (Depths:2)
  A phantom (D:10)
  5 centaurs (D:13)
  3 big kobolds
  5 bullfrogs
  An earth elemental (Abyss:4)
  4 killer bees (D:8)
  3 troll zombies (D:10)
  A howler monkey (D:10)
  4 electric eels (D:8)
  A quasit (D:9)
  10 hounds
  6 jellies
  17 orc priests
  A bullfrog skeleton (D:9)
  32 worker ants
  2 iguanas
  23 orc wizards
  5 ogre zombies (D:10)
  2 hound skeletons
  A howler monkey zombie (D:9)
  2 adders
  A gnoll (Bailey)
  4 shadow imps
  A worm (D:5)
  A dart slug (D:5)
  38 orcs
  A giant cockroach (D:4)
  2 goblins (Bailey)
  2 hobgoblins (Bailey)
  4 jackals (D:10)
  A ball python (D:5)
  A goblin skeleton (D:10)
  A goblin zombie (D:10)
  2 hobgoblin skeletons (D:10)
  A hobgoblin zombie (D:10)
  22 kobolds
  4 orc skeletons (D:10)
  13 orc zombies (D:10)
  6 briar patches (Swamp:4)
  A lurking horror (Abyss:4)
  2 starspawn tentacles (Abyss:4)
694 creatures vanquished.

Vanquished Creatures (collateral kills)
  Margery (Depths:4)
  A caustic shrike (Depths:5)
  A tentacled starspawn (Abyss:4)
  2 storm dragons
  A fire giant (Depths:4)
  2 iron dragons
  A deep elf elementalist (Depths:4)
  An entropy weaver (Abyss:4)
  A yellow draconian (Zot:2)
  A minotaur (Gauntlet)
  A fire dragon (Depths:4)
  A yaktaur captain (Depths:5)
  5 hydras
  2 great orbs of eyes
  A spriggan (Swamp:1)
  A deep troll (Depths:5)
  A glowing orange brain (Depths:5)
  A large abomination (Abyss:4)
  3 swamp dragons
  3 wolf spiders (Spider:4)
  4 orb spiders
  A demonic crawler (Spider:2)
  3 hornets
  A jumping spider (Spider:4)
  2 bog bodies
  6 redbacks (Spider:4)
  3 tarantellas (Spider:4)
  2 vampire mosquitoes (Swamp:1)
  A water moccasin (Lair:2)
  4 swamp drakes (Swamp:4)
  An orc warrior (Depths:5)
  An electric eel (D:8)
  An orc (Depths:5)
  A starspawn tentacle (Abyss:4)
62 creatures vanquished.

Vanquished Creatures (others)
  A draconian knight (Depths:5)
  2 very ugly things
  An unseen horror (D:13)
  An orc sorcerer (Orc:2)
  An ancient zyme (Abyss:4)
  A hornet (Swamp:4)
  A swamp worm (Swamp:4)
  2 orcs
  2 fungi (Lair:2)
  25 plants
  A starspawn tentacle (Abyss:4)
38 creatures vanquished.

Grand Total: 794 creatures vanquished

Notes
Turn   | Place    | Note
-------+----------+-------------------------------------------
     0 | D:5      | EnegeticOcto the Deep Dwarf Delver began the quest for the
                  | Orb.
     0 | D:5      | Reached XP level 1. HP: 20/20 MP: 1/1
     1 | D:6      | Noticed Edmund
     1 | D:6      | Noticed a hound
    13 | D:5      | Found a burning altar of Makhleb.
    13 | D:5      | Noticed a hound
    22 | D:5      | Became a worshipper of Makhleb the Destroyer
    33 | D:5      | Killed a hound
    33 | D:5      | Reached skill level 2 in Invocations
    33 | D:5      | Reached XP level 2. HP: 12/27 MP: 1/3
    33 | D:5      | Reached XP level 3. HP: 14/33 MP: 1/4
   143 | D:5      | Noticed an ogre
   152 | D:5      | Got a dazzling tower shield
   169 | D:5      | Killed an ogre
   169 | D:5      | Reached skill level 3 in Invocations
   169 | D:5      | Reached XP level 4. HP: 40/40 MP: 2/4
   169 | D:5      | Reached XP level 5. HP: 46/46 MP: 2/5
   175 | D:5      | Identified the +6 tower shield of Sovyipru {Int+3} (You
                  | found it on level 5 of the Dungeon)
   179 | D:4      | Found a hazy altar of Hepliaklqana.
   203 | D:4      | Noticed a phantom
   208 | D:4      | Found Fokesots's Distillery.
   211 | D:4      | Noticed a lemure
   211 | D:4      | Noticed a lemure
   212 | D:4      | Noticed Pikel
   212 | D:4      | Noticed a lemure
   212 | D:4      | Noticed a lemure
   267 | D:6      | Reached skill level 5 in Axes
   296 | D:6      | Reached skill level 1 in Shields
   309 | D:6      | Reached skill level 4 in Invocations
   408 | D:6      | Found a staircase to the Ecumenical Temple.
   467 | D:6      | Reached XP level 6. HP: 32/55 MP: 7/7
   470 | D:6      | Killed Edmund
   521 | D:7      | Found a flagged portal.
   527 | D:7      | Noticed an ice beast
   534 | Bailey   | Entered a bailey
   539 | Bailey   | Noticed an orc warlord
   607 | Bailey   | Noticed an orc warrior
   631 | Bailey   | Killed an orc warrior
   631 | Bailey   | Reached skill level 5 in Invocations
   631 | Bailey   | Reached XP level 7. HP: 45/61 MP: 6/6
   652 | Bailey   | Found a runed translucent gate.
   654 | Bailey   | Found a runed translucent gate.
   656 | Bailey   | Found a runed translucent gate.
   805 | Bailey   | Killed an orc warlord
   805 | Bailey   | Reached skill level 5 in Shields
   805 | Bailey   | Reached skill level 7 in Invocations
   805 | Bailey   | Reached XP level 8. HP: 61/68 MP: 6/8
   806 | Bailey   | Reached * piety under Makhleb
   858 | Bailey   | Identified a scroll of acquirement
   858 | Bailey   | Acquired the ring of Dishonesty {Str+5 Int+6 SInv}
   867 | Bailey   | Acquired the ring of Laiclucs {+Inv rN+ rCorr}
   870 | Bailey   | Got an ominously black robe
   932 | D:7      | Found an ancient bone altar of Kikubaaqudgha.
   952 | D:7      | Found Nutuqem's Book Emporium.
  1002 | D:7      | Gained mutation: You passively map the area around you.
                  | [Deep Dwarf growth]
  1002 | D:7      | Reached XP level 9. HP: 61/74 MP: 9/9
  1037 | D:8      | Noticed a troll
  1078 | D:8      | Reached skill level 1 in Evocations
  1113 | D:8      | Killed a troll
  1113 | D:8      | Reached skill level 8 in Invocations
  1141 | D:9      | Reached skill level 10 in Axes
  1145 | D:9      | Noticed a manticore
  1245 | D:9      | Noticed a troll
  1261 | D:9      | Killed a troll
  1397 | D:9      | Noticed Erica
  1409 | D:9      | Killed Erica
  1409 | D:9      | Reached skill level 9 in Invocations
  1409 | D:9      | Reached XP level 10. HP: 36/81 MP: 9/9
  1493 | D:9      | Killed a manticore
  1493 | D:9      | Reached skill level 5 in Evocations
  1510 | D:10     | Entered Level 10 of the Dungeon
  1675 | D:10     | Reached ** piety under Makhleb
  1752 | D:10     | Found a staircase to the Orcish Mines.
  1792 | Orc:1    | Entered Level 1 of the Orcish Mines
  1882 | Orc:1    | Noticed an orc sorcerer
  1923 | Orc:2    | Entered Level 2 of the Orcish Mines
  1963 | Orc:2    | Noticed an orc sorcerer
  1966 | Orc:2    | Noticed an orc sorcerer
  1972 | Orc:2    | Noticed an orange demon
  1973 | Orc:2    | Killed an orc sorcerer
  1973 | Orc:2    | Reached *** piety under Makhleb
  1973 | Orc:2    | Reached skill level 10 in Invocations
  1973 | Orc:2    | Killed an orc sorcerer
  2028 | Orc:2    | Found a staircase to the Elven Halls.
  2055 | Orc:1    | Noticed an orc warlord
  2094 | Orc:1    | Killed an orc warlord
  2094 | Orc:1    | Reached XP level 11. HP: 46/88 MP: 11/11
  2317 | Orc:2    | Noticed an orc sorcerer
  2317 | Orc:2    | Noticed an orc sorcerer
  2329 | Orc:2    | Reached **** piety under Makhleb
  2329 | Orc:2    | Noticed an orc high priest
  2332 | Orc:2    | Noticed a sun demon
  2333 | Orc:2    | Killed an orc sorcerer
  2336 | Orc:2    | Killed an orc sorcerer
  2346 | Orc:2    | Killed an orc high priest
  2346 | Orc:2    | Reached skill level 11 in Invocations
  2357 | Orc:2    | Noticed an orc sorcerer
  2380 | Orc:2    | Killed an orc sorcerer
  2381 | Orc:2    | Noticed an orc sorcerer
  2395 | Orc:2    | Killed an orc sorcerer
  2426 | Orc:2    | Found Dyloe's Gadget Boutique.
  2426 | Orc:2    | Found Zeciekku's Assorted Antiques.
  2426 | Orc:2    | Found Hiobidd's Distillery.
  2446 | Orc:2    | Found Micuarch's Antique Weapon Shop.
  2458 | Orc:2    | Bought a wand of paralysis (6) for 128 gold pieces
  2458 | Orc:2    | Bought a condenser vane (2/2) for 320 gold pieces
  2460 | Orc:2    | Bought a potion of mutation for 144 gold pieces
  2460 | Orc:2    | Bought a potion of haste for 180 gold pieces
  2460 | Orc:2    | Bought a potion of might for 72 gold pieces
  2461 | Orc:2    | Bought a viscous dark potion for 24 gold pieces
  2461 | Orc:2    | Bought 2 metallic pink potions for 48 gold pieces
  2461 | Orc:2    | Bought a scroll of magic mapping for 94 gold pieces
  2590 | D:8      | Found a staircase to the Lair.
  2643 | Lair:1   | Entered Level 1 of the Lair of Beasts
  2695 | Lair:2   | Noticed a queen ant
  2712 | Lair:2   | Killed a queen ant
  2715 | Lair:2   | Reached XP level 12. HP: 97/97 MP: 12/12
  2728 | Lair:2   | Reached ***** piety under Makhleb
  2744 | Lair:2   | Reached skill level 12 in Invocations
  2772 | Lair:2   | Found a gate leading to a gauntlet.
  2798 | Gauntlet | Entered a Gauntlet
  2798 | Gauntlet | Found a transporter.
  2798 | Gauntlet | Found a transporter.
  2798 | Gauntlet | Noticed a death scarab
  2799 | Gauntlet | Found a runed translucent door.
  2806 | Gauntlet | Found a transporter.
  2806 | Gauntlet | Found a transporter.
  2822 | Gauntlet | Found a transporter.
  2843 | Gauntlet | Found a runed translucent gate.
  2843 | Gauntlet | Found a runed translucent gate.
  2843 | Gauntlet | Found a runed translucent gate.
  2844 | Gauntlet | Found a runed translucent door.
  2856 | Gauntlet | Found a transporter.
  2859 | Gauntlet | Found a transporter.
  2892 | Gauntlet | Found a transporter.
  2892 | Gauntlet | Found a transporter.
  2893 | Gauntlet | Noticed a ghost crab
  2903 | Gauntlet | Found a transporter.
  2920 | Gauntlet | Killed a ghost crab
  2920 | Gauntlet | Reached skill level 10 in Shields
  2942 | Gauntlet | Noticed a death ooze
  2942 | Gauntlet | Found a transporter.
  2953 | Gauntlet | Identified the +8 scimitar of Classification {distort,
                  | MP+9}
  2953 | Gauntlet | Identified the +7 chain mail of Pessimism {Str+6}
  2953 | Gauntlet | Noticed a minotaur
  2974 | Gauntlet | Killed a minotaur
  2997 | Gauntlet | Got a faintly glowing scale mail
  3000 | Lair:2   | Identified the cursed +1 scale mail "Myrhit" {rF+++ rC-
                  | Str+7} (You found it in a Gauntlet)
  3039 | Lair:2   | Found a hole to the Spider Nest.
  3042 | Lair:2   | Gained mutation: You tend to lose your temper in combat.
                  | [potion of mutation]
  3042 | Lair:2   | Gained mutation: You occasionally shout uncontrollably at
                  | your foes. [potion of mutation]
  3042 | Lair:2   | Lost mutation: You tend to lose your temper in combat.
                  | [potion of mutation]
  3042 | Lair:2   | Gained mutation: You have sharp toenails. [potion of
                  | mutation]
  3066 | Spider:1 | Entered Level 1 of the Spider Nest
  3090 | Spider:1 | Reached skill level 10 in Evocations
  3097 | Spider:1 | Noticed an emperor scorpion
  3119 | Spider:1 | Killed an emperor scorpion
  3122 | Spider:1 | Reached skill level 5 in Fighting
  3131 | Spider:1 | Reached skill level 15 in Axes
  3206 | Spider:3 | Reached XP level 13. HP: 109/109 MP: 11/14
  3227 | Spider:4 | Entered Level 4 of the Spider Nest
  3227 | Spider:4 | Noticed an entropy weaver
  3231 | Spider:4 | Killed an entropy weaver
  3306 | Spider:4 | Reached skill level 13 in Invocations
  3322 | Spider:4 | Noticed a spark wasp
  3331 | Spider:4 | Killed a spark wasp
  3528 | Spider:4 | Noticed an emperor scorpion
  3529 | Spider:4 | Noticed a spark wasp
  3531 | Spider:4 | Noticed an emperor scorpion
  3533 | Spider:4 | Noticed a ghost moth
  3535 | Spider:4 | Noticed a ghost moth
  3537 | Spider:4 | Noticed a ghost moth
  3537 | Spider:4 | Noticed a ghost moth
  3543 | Spider:4 | Killed a spark wasp
  3550 | Spider:4 | Killed a ghost moth
  3552 | Spider:4 | Reached skill level 14 in Invocations
  3554 | Spider:4 | Gained mutation: You resist negative energy. (rN+) [Deep
                  | Dwarf growth]
  3554 | Spider:4 | Reached XP level 14. HP: 121/121 MP: 14/14
  3559 | Spider:4 | Killed an emperor scorpion
  3569 | Spider:4 | Killed a ghost moth
  3569 | Spider:4 | Killed an emperor scorpion
  3580 | Spider:4 | Killed a ghost moth
  3586 | Spider:4 | Killed a ghost moth
  3626 | Spider:4 | Got a gossamer rune of Zot
  3866 | Lair:3   | Found a staircase to the Swamp.
  3878 | Swamp:1  | Entered Level 1 of the Swamp
  3902 | Swamp:1  | Reached skill level 1 in Armour
  4094 | Swamp:3  | Reached skill level 15 in Invocations
  4113 | Swamp:4  | Entered Level 4 of the Swamp
  4248 | Swamp:4  | Noticed an Executioner
  4263 | Swamp:4  | Noticed a thorn hunter
  4270 | Swamp:4  | Killed a thorn hunter
  4309 | Swamp:4  | Reached skill level 5 in Armour
  4321 | Swamp:4  | Reached XP level 15. HP: 85/135 MP: 9/12
  4325 | Swamp:4  | Noticed a thorn hunter
  4343 | Swamp:4  | Killed a thorn hunter
  4446 | Swamp:4  | Got a decaying rune of Zot
  4553 | Swamp:4  | Reached skill level 16 in Invocations
  4825 | D:11     | Noticed Urug
  4839 | D:11     | Killed Urug
  5160 | D:15     | Entered Level 15 of the Dungeon
  5190 | D:15     | Reached ****** piety under Makhleb
  5236 | D:15     | Found a staircase to the Depths.
  5256 | D:15     | Cast into level 3 of the Abyss (unwielding a weapon of
                  | distortion)
  5276 | Abyss:3  | Found a corrupted altar of Lugonu.
  5305 | Abyss:4  | Gained mutation: You sometimes yell uncontrollably at your
                  | foes. [mutagenic glow]
  5350 | Abyss:4  | Acquired a manual of Fighting
  5360 | Abyss:4  | Noticed a tentacled starspawn
  5378 | Abyss:4  | Reached skill level 10 in Fighting
  5412 | Abyss:4  | Noticed a tentacled starspawn
  5413 | Abyss:4  | Noticed a tentacled starspawn
  5413 | Abyss:4  | Noticed a nagaraja
  5416 | Abyss:4  | Killed a tentacled starspawn
  5418 | Abyss:4  | Killed a tentacled starspawn
  5419 | Abyss:4  | Killed a nagaraja
  5423 | Abyss:4  | Paralysed by you for 2 turns
  5488 | Abyss:4  | Killed a starcursed mass
  5488 | Abyss:4  | Reached XP level 16. HP: 132/147 MP: 10/10
  5500 | Abyss:4  | Got an abyssal rune of Zot
  5521 | D:15     | Escaped the Abyss
  5535 | Depths:1 | Entered Level 1 of the Depths
  5555 | Depths:1 | Found a one-way gate to the infinite horrors of the Abyss.
  5602 | Depths:1 | Reached skill level 17 in Invocations
  5657 | Depths:3 | Found Zetrigui's Book Shoppe.
  5660 | Depths:3 | Found Cigil's Armour Shop.
  5714 | Depths:4 | Found a gateway to Hell.
  5744 | Depths:4 | Noticed a caustic shrike
  5745 | Depths:4 | Noticed a Tzitzimitl
  5746 | Depths:4 | Noticed a storm dragon
  5845 | Depths:4 | Reached skill level 15 in Shields
  5865 | Depths:4 | Noticed Margery
  5880 | Depths:4 | Killed Margery
  5881 | Depths:4 | Reached XP level 17. HP: 133/162 MP: 2/4
  5886 | Depths:4 | Noticed a lich
  5902 | Depths:4 | Reached skill level 10 in Armour
  5914 | Depths:4 | Killed a lich
  5919 | Depths:4 | Reached skill level 18 in Invocations
  5933 | Depths:4 | Killed a caustic shrike
  5980 | Depths:4 | Noticed a caustic shrike
  5993 | Depths:5 | Entered Level 5 of the Depths
  6014 | Depths:5 | Killed a caustic shrike
  6127 | Depths:5 | Noticed Saint Roka
  6144 | Depths:5 | Killed Saint Roka
  6173 | Depths:5 | Noticed a bone dragon
  6181 | Depths:5 | Reached skill level 19 in Invocations
  6199 | Depths:5 | Killed a bone dragon
  6271 | Depths:5 | Gained mutation: You passively map a large area around you.
                  | [Deep Dwarf growth]
  6271 | Depths:5 | Reached XP level 18. HP: 176/176 MP: 1/1
  6338 | Depths:5 | Found a gate to the Realm of Zot.
  6351 | Depths:5 | Reached skill level 20 in Invocations
  6366 | Zot:1    | Entered Level 1 of the Realm of Zot
  6387 | Zot:1    | Noticed a tentacled monstrosity
  6401 | Zot:1    | Killed a tentacled monstrosity
  6420 | Zot:2    | Reached skill level 15 in Fighting
  6535 | Zot:3    | Noticed a golden dragon
  6545 | Zot:3    | Killed a golden dragon
  6549 | Zot:3    | Succumbed to poison (poison gas)

Illustrated notes

Levels and vault maps discovered:
D:4:      layout_cave_pools, kennysheep_mini, marbit_many_paths, serial_shops,
          shop, cheibrodos_sewer_entry_drain, hangedman_decor_points,
          minmay_misc_feat_enclosed, kennysheep_generic_room_7, uniq_pikel
D:5:      layout_basic, lemuel_crystal_altar, minmay_ogre_servants
D:6:      layout_rooms, minmay_temple_entry_enclosed_plants, uniq_edmund
D:7:      layout_rooms, kennysheep_little_box, nicolae_overflow_hidden_temple,
          eat_drink_and_be_merry_uskayaw, vehumet_crystals, enter_bailey_2,
          serial_shops, kennysheep_mini_moat
D:8:      layout_loops_ring, erik_lair_island
D:9:      layout_basic, uniq_erica
D:10:     layout_long_grid, zombieorc2_lemuel
D:11:     layout_loops_ring, serial_shops, shop, bloody_trog, uniq_urug
D:12:     layout_stronghold, nicolae_straight_to_the_point, uniq_nergalle
D:13:     layout_cave_pools, hangedman_decor_clover_reticule
D:14:     layout_cave_pods, grunt_vaults_entry_tiered, serial_bayou,
          serial_bayou_pond_d, serial_bayou_lake_a, serial_bayou_pond_c,
          serial_bayou_shore_b
D:15:     grunt_enter_depths_hoard, layout_loops_ring, nicolae_twisting_strands
Lair:1:   layout_regular_city, serial_bayou_pond_a, minivault_11,
          nicolae_quartered_pool_little, grunt_megastairs_2,
          serial_bayou_shore_b, minmay_lair_oklob_chamber
Lair:2:   layout_big_grid, dummy_spider_entry, gauntlet_entry_generic,
          zaba_anthell, grunt_megastairs_3, serial_bayou_shore_a,
          lemuel_fruit_fields
Lair:3:   layout_loops_ring, swamp_mist, serial_bayou_pond_b,
          chequers_serial_rivers_room_b, st_stairs_4
Lair:4:   layout_regular_city, beast_lair_carwin_3, grunt_megastairs_4,
          lemuel_fruit_fields
Swamp:1:  layout_falls_marsh, evilmike_swamp_ruin_house_3,
          infiniplex_staircase_pool
Swamp:2:  layout_basic_swamp, evilmike_swamp_ruin_rubble_2
Swamp:3:  layout_basic_swamp, nicolae_swamp_little_tower, swamp_pool5
Swamp:4:  swamp, layout_basic_swamp, swamp_pool1,
          nicolae_swamp_orc_logging_accident, statue_in_the_mist_lemuel
Spider:1: layout_spider_delve, nicolae_spider_webs_and_nodes,
          nicolae_spider_shape, uniq_kirke
Spider:2: layout_spider_delve, uniq_azrael
Spider:3: layout_spider_delve, ebering_ghost_xom, uniq_bai_suzhen, uniq_agnes,
          uniq_aizul
Spider:4: grunt_spider_rune_parallel
Orc:1:    layout_caves
Orc:2:    st_orc_mages, layout_diamond_mine
Depths:1: layout_big_octagon, enter_ziggurat_f, hangedman_geh_valley,
          mu_enter_wizlab_1, abyss_entry, minmay_acid_items
Depths:2: minmay_expanding_squares, layout_cave_shapes, hell_entry, abyss_entry,
          minmay_misc_feat_pillars, infiniplex_staircase_pool_2
Depths:3: four-leaf_vault, layout_gridville, hangedman_decor_lopped,
          pf_coc_iceberg, serial_shops, shop_statue, shop, nicolae_shop_trees,
          nicolae_shop_behind_doors, shop, rand_demon_pan_entry_4
Depths:4: nicolae_legendary_halls, layout_twisted_cross, hell_entry,
          abyss_entry, minmay_misc_feat_x, minmay_misc_feat_rows,
          serial_bayou_pond_c, uniq_margery
Depths:5: evilmike_zot_entry_basic, layout_gridville, chequers_decorated_corner,
          serial_rivers, chequers_serial_rivers_micro_a,
          chequers_serial_rivers_room_a, chequers_serial_rivers_micro_b,
          chequers_serial_rivers_micro_b, chequers_serial_rivers_small_3,
          chequers_serial_rivers_room_a, hell_entry, uniq_enchantress,
          uniq_saint_roka
Zot:1:    layout_misc_corridors
Zot:2:    layout_twisted_circle
Zot:3:    grunt_zot_stairs_overgrown, layout_basic, hangedman_hellfire_club

Skill      XL: |  1  2  3  4  5  6  7  8  9 10 11 12 13 14 15 16 17 18 |
---------------+-------------------------------------------------------+-----
Axes           | 3 4 5 6 9 11 12 13 15 16 17 | 17.6
Invocations    | 2 3 4 5 7 9 10 11 12 14 15 16 17 19 20 | 20.9
Shields        | 1 2 5 6 8 9 10 11 13 14 15 | 15.5
Evocations     | 4 7 9 10 12 | 12.0
Fighting       | 3 5 6 9 10 12 14 15 | 15.4
Armour         | 5 7 9 10 | 10.7
Dodging        | |  2.1
Stealth        | |  6.0

Action                   |  1- 3 |  4- 6 |  7- 9 | 10-12 | 13-15 | 16-18 || total
-------------------------+-------+-------+-------+-------+-------+-------++-------
Melee: Hand axe          |    35 |    54 |       |       |       |       ||    89
       Flail             |       |    39 |    56 |       |       |       ||    95
       War axe           |       |       |   153 |   555 |   529 |       ||  1237
       Broad axe         |       |       |       |       |   185 |   476 ||   661
Throw: Dart              |       |     5 |    12 |    13 |       |       ||    30
       Boomerang         |       |    21 |       |       |       |       ||    21
       Javelin           |       |       |     2 |       |     8 |       ||    10
       Throwing net      |       |       |     1 |       |     1 |       ||     2
Invok: Lesser Servant of |       |       |       |    10 |    20 |    11 ||    41
       Greater Servant o |       |       |       |       |     4 |    10 ||    14
 Abil: Heal Wounds       |     4 |     5 |    15 |    26 |    36 |    39 ||   125
       Evoke Invisibilit |       |       |       |     6 |     7 |     3 ||    16
Evoke: Wand              |       |       |       |     3 |     5 |     1 ||     9
       Condenser vane    |       |       |       |     1 |     7 |    10 ||    18
       Lightning rod     |       |       |       |       |    13 |       ||    13
  Use: Scroll            |       |     4 |     3 |    12 |    11 |     4 ||    34
       Potion            |       |       |     2 |     2 |     4 |    13 ||    21
 Stab: Sleeping          |     1 |     1 |       |       |       |       ||     2
       Invisible         |       |       |       |    37 |    42 |    53 ||   132
       Distracted        |       |       |       |     2 |     5 |     2 ||     9
       Paralysed         |       |       |       |     2 |     9 |     3 ||    14
       Petrified         |       |       |       |       |     8 |       ||     8
       Petrifying        |       |       |       |       |     5 |       ||     5
Armor: Leather armour    |     6 |     9 |       |       |       |       ||    15
       Scale mail        |       |    32 |    48 |    49 |       |       ||   129
       Chain mail        |       |       |       |   105 |   423 |     1 ||   529
       Skin              |       |       |       |    79 |     8 |       ||    87
       Plate armour      |       |       |       |     2 |       |   157 ||   159
Dodge: Dodged            |    22 |    35 |    47 |   100 |   174 |    55 ||   433
Block: Tower shield      |       |   147 |   315 |   763 |  1399 |   735 ||  3359
       Reflection        |       |       |       |     2 |    39 |    14 ||    55

Table legend: (Time is in decaauts)
 A = Elapsed time spent in this place.
 B = Non-inter-level travel time spent in this place.
 C = Inter-level travel time spent in this place.
 D = Time resting spent in this place.
 E = Time spent auto-exploring this place.
 F = Levels seen in this place.
 G = Mean time per level.
                   A        B        C        D        E       F      G
               +--------+--------+--------+--------+--------+-----+--------+
         Total |   6439 |   6172 |    267 |      0 |      2 |  38 |  169.4 |
       Dungeon |   2087 |   2013 |     74 |      0 |      0 |  12 |  173.9 |
          Lair |    426 |    396 |     30 |      0 |      0 |   4 |  106.5 |
         Swamp |    715 |    670 |     45 |      0 |      0 |   4 |  178.8 |
   Spider Nest |    693 |    604 |     89 |      0 |      0 |   4 |  173.2 |
  Orcish Mines |    729 |    701 |     28 |      0 |      0 |   2 |  364.5 |
        Depths |    749 |    749 |      0 |      0 |      2 |   5 |  149.8 |
           Zot |    169 |    169 |      0 |      0 |      0 |   3 |   56.3 |
         Abyss |    254 |    254 |      0 |      0 |      0 |   2 |  127.0 |
        Bailey |    415 |    415 |      0 |      0 |      0 |   1 |  415.0 |
      Gauntlet |    197 |    197 |      0 |      0 |      0 |   1 |  197.0 |
               +--------+--------+--------+--------+--------+-----+--------+

Top non-repeatable levels by time:
Spider:4: 477 daAuts
     D:9: 451 daAuts
 Swamp:4: 432 daAuts
   Orc:2: 422 daAuts
  Bailey: 415 daAuts
    D:10: 340 daAuts
Depths:5: 311 daAuts
   Orc:1: 307 daAuts
     D:6: 277 daAuts
Depths:4: 272 daAuts
  Lair:2: 261 daAuts
 Abyss:4: 214 daAuts
     D:8: 205 daAuts
     D:5: 198 daAuts
Gauntlet: 197 daAuts
